Map: Rhoskallian EE

Players

tigro - Winner!

  • Race: Terran Terran
  • League: Bronze
  • Spawn Location: 11:00

MrFercho - Winner!

  • Race: Zerg Zerg
  • League: Silver
  • Spawn Location: 12:00

Jadorcha

  • Race: Protoss Protoss
  • Spawn Location: 6:00

Jaae

  • Race: Zerg Zerg
  • Spawn Location: 5:00

VOD

Have the link to the VOD?

Description

Time

  • Played on: July 10, 2020, 10:14 p.m.
  • Length: 12:43
Show
View Real Time Build Order
Export as new Build Order

tigro Terran - Winner!

Build Orders:  

Get SALT Encoding   

  12  0:02  SCV  
  13  0:14  SCV  
  14  0:31  SCV  
  15  0:35  Supply Depot  
  15  0:46  Refinery  
  15  0:57  Supply Depot, SCV  
  16  1:04  Barracks  
  16  1:09  SCV  
  17  1:13  Refinery  
  17  1:21  SCV  
  18  1:33  SCV  
  18  1:38  Engineering Bay  
  19  1:45  SCV  
  20  1:56  Marine  
  20  1:57  SCV  
  22  2:13  Marine  
  23  2:31  Marine  
  25  2:37  SCV  
  25  2:38  Barracks  
  25  2:49  Marine, SCV  
  27  3:07  Marine  
  28  3:19  Orbital Command  
  28  3:26  Factory  
  28  3:28  Barracks Tech Lab  
  28  3:31  Barracks Tech Lab  
  28  3:39  Barracks Reactor  
  28  4:05  Terran Infantry Weapons Level 1  
  28  4:07  Combat Shield  
  28  4:14  Factory Tech Lab  
  28  4:15  Command Center  
  28  4:21  Marine x3  
  28  4:23  Starport  
  31  4:38  Marine, Siege Tank  
  34  4:39  Marine x2  
  37  4:56  Marine  
  37  4:57  Marine  
  39  5:07  Medivac  
  41  5:16  Starport  
  41  5:26  Stimpack  
  41  5:29  SCV  
  41  5:30  Refinery  
  42  5:41  SCV  
  42  5:42  Starport Tech Lab  
  43  5:53  SCV, Refinery  
  44  5:59  Terran Infantry Armor Level 1, Siege Tank  
  47  6:04  Starport Tech Lab  
  47  6:05  SCV  
  48  6:17  SCV  
  49  6:29  SCV  
  50  6:33  Armory  
  50  6:41  SCV  
  51  6:47  Marine x3  
  51  6:53  SCV  
  55  7:05  Marine x3, SCV  
  59  7:21  Fusion Core  
  59  7:22  Viking  
  61  7:23  Marine  
  62  7:53  Hi-Sec Auto Tracking  
  62  7:58  Missile Turret  
  62  8:19  Missile Turret  
  62  8:21  Supply Depot  
  62  8:43  Viking x2, Marine x2, Weapon Refit  
  62  8:45  Supply Depot  
  62  8:47  Terran Vehicle Weapons Level 1  
  68  8:53  Missile Turret  
  68  8:54  SCV  
  69  9:06  SCV  
  70  9:15  Missile Turret  
  70  9:18  SCV  
  71  9:24  Medivac  
  71  9:30  SCV  
  74  9:34  Supply Depot  
  74  9:45  Missile Turret  
  74  9:56  Battlecruiser x2  
  86  10:19  Missile Turret  
  86  10:24  Rapid Reignition System  
  92  10:41  Terran Vehicle And Ship Armor Level 1, Missile Turret  
  92  10:54  Siege Tank  
  89  11:18  Battlecruiser  
  89  11:22  Battlecruiser  
  73  11:26  Siege Tank  
  60  11:54  Marine x3  
  60  11:58  Thor  
  69  12:12  Marine x3  
  73  12:36  Command Center  
Show
View Real Time Build Order
Export as new Build Order

MrFercho Zerg - Winner!

Build Orders: Hatch First 

Get SALT Encoding   

  12  0:01  Drone  
  13  0:13  Overlord  
  13  0:18  Drone  
  14  0:31  Drone x2  
  16  0:55  Drone  
  17  0:58  Hatchery, Drone  
  17  1:02  Drone  
  18  1:12  Extractor  
  17  1:19  Spawning Pool  
  17  1:20  Drone  
  17  1:24  Drone  
  18  1:28  Drone  
  19  1:48  Drone  
  19  1:50  Drone  
  21  2:00  Drone  
  22  2:10  Drone  
  22  2:11  Drone  
  22  2:14  Queen x2  
  28  2:18  Metabolic Boost  
  28  2:23  Overlord x2  
  28  2:47  Zergling x4  
  28  2:49  Drone x2  
  32  2:55  Lair  
  32  2:57  Drone x2  
  34  2:59  Queen  
  34  3:04  Drone  
  34  3:05  Drone  
  38  3:17  Drone x2  
  40  3:23  Drone x3  
  43  3:34  Drone  
  44  3:47  Overlord x3  
  44  3:50  Hatchery  
  43  3:56  Drone  
  43  4:01  Extractor  
  43  4:03  Extractor  
  42  4:16  Roach Warren  
  41  4:23  Baneling Nest  
  41  4:28  Evolution Chamber  
  41  4:30  Drone x9  
  49  4:40  Zergling x4  
  49  4:41  Zergling x10  
  56  4:59  Zerg Missile Weapons Level 1  
  56  5:13  Hydralisk Den  
  55  5:17  Evolution Chamber  
  55  5:18  Drone x2  
  56  5:22  Drone x8  
  64  5:29  Overseer  
  64  5:43  Drone x9  
  73  5:54  Overlord x3  
  73  5:57  Queen, Hatchery, Centrifical Hooks  
  73  6:02  Muscular Augments  
  74  6:05  Overlord x3  
  74  6:18  Extractor, Drone  
  74  6:20  Drone x3  
  77  6:27  Baneling  
  77  6:28  Baneling x6  
  77  6:29  Baneling  
  77  6:37  Zerg Melee Weapons Level 1  
  77  6:49  Extractor, Drone  
  77  6:50  Drone x3  
  77  6:51  Extractor, Drone x4  
  77  6:53  Hydralisk x6  
  95  7:13  Grooved Spines  
  95  7:28  Hydralisk  
  95  7:29  Hydralisk x8  
  113  7:59  Overlord x9  
  113  8:08  Hatchery  
  113  8:09  Hatchery  
  99  8:33  Hydralisk  
  99  8:34  Hydralisk x11  
  120  8:56  Spore Crawler  
  120  9:00  Spine Crawler, Drone x4  
  120  9:01  Spine Crawler  
  121  9:04  Spine Crawler  
  121  9:06  Drone x10  
  121  9:07  Drone  
  131  9:19  Zerg Melee Weapons Level 2, Infestation Pit  
  131  9:24  Zerg Missile Weapons Level 2  
  130  9:29  Zergling x22  
  131  9:46  Zergling x10  
  131  9:47  Zergling x20  
  146  9:56  Hive  
  146  10:21  Lurker Den  
  146  10:25  Baneling x13  
  146  10:26  Baneling x17  
  145  10:29  Hydralisk x10  
  145  10:30  Hydralisk  
  167  10:37  Extractor  
  167  10:38  Extractor, Drone x7  
  167  10:39  Drone x5  
  167  10:40  Drone x2  
  179  10:44  Drone x3  
  179  10:46  Spore Crawler  
  181  10:50  Spine Crawler  
  181  10:55  Spine Crawler x2  
  178  10:59  Hydralisk x9  
  179  11:39  Hydralisk x5  
  176  11:40  Hydralisk  
  176  11:42  Zergling x22  
  176  11:43  Zergling x4  
  196  11:58  Zergling x10  
  183  12:25  Zergling x34  
Show
View Real Time Build Order
Export as new Build Order

Jadorcha Protoss 

Build Orders: Cannon Rush 

Get SALT Encoding   

  12  0:01  Probe  
  13  0:14  Probe  
  14  0:28  Probe  
  14  0:30  Pylon  
  15  0:50  Forge  
  15  0:54  Probe  
  16  1:05  Gateway  
  16  1:06  Probe  
  17  1:19  Probe  
  18  1:28  Pylon  
  18  1:32  Probe  
  19  1:47  Photon Cannon  
  19  1:50  Photon Cannon x2  
  19  1:59  Photon Cannon  
  18  2:32  Probe  
  19  2:44  Probe  
  19  2:46  Pylon  
  19  2:49  Assimilator  
  20  2:54  Assimilator  
  20  2:56  Probe  
  21  2:59  Photon Cannon  
  21  3:08  Probe  
  22  3:20  Probe  
  22  3:23  Nexus  
  23  3:44  Cybernetics Core  
  23  3:46  Gateway  
  23  3:50  Gateway x2  
  23  4:00  Warp Gate  
  23  4:01  Protoss Ground Weapons Level 1  
  23  4:20  Pylon  
  23  4:42  Photon Cannon  
  23  4:44  Photon Cannon  
  23  4:50  Probe  
  24  4:54  Probe  
  25  5:02  Probe  
  25  5:04  Pylon  
  25  5:06  Probe  
  28  5:14  Probe  
  28  5:18  Probe  
  29  5:21  Twilight Council  
  29  5:26  Probe  
  30  5:31  Photon Cannon  
  30  5:37  Photon Cannon  
  30  5:38  Probe  
  31  5:50  Charge, Probe  
  31  5:52  Sentry x2  
  31  5:53  Sentry  
  38  6:02  Probe  
  39  6:14  Probe  
  40  6:18  Assimilator  
  40  6:22  Assimilator  
  40  6:26  Stalker, Probe  
  40  6:27  Stalker x2, Protoss Ground Weapons Level 2  
  40  6:28  Stalker  
  49  6:39  Probe  
  50  6:51  Probe  
  50  6:52  Pylon  
  51  6:57  Pylon  
  51  7:46  Zealot  
  51  7:47  Zealot x2  
  51  7:48  Pylon, Zealot  
  59  7:55  Pylon  
  59  8:12  Stalker x2  
  63  8:13  Stalker x2  
  59  8:40  Stargate  
  59  8:41  Zealot  
  59  8:42  Stargate, Zealot x2  
  59  8:43  Zealot  
  67  9:00  Gateway  
  67  9:02  Gateway  
  67  9:05  Zealot  
  67  9:06  Zealot x2  
  67  9:07  Zealot  
  75  9:15  Probe  
  76  9:25  Probe  
  77  9:33  Pylon, Probe  
  77  9:37  Pylon  
  76  9:41  Probe  
  71  9:53  Probe  
  72  10:05  Probe  
  72  10:06  Fleet Beacon  
  73  10:07  Void Ray  
  77  10:15  Void Ray  
  81  10:36  Nexus  
  81  10:37  Pylon  
  81  10:39  Pylon  
  81  10:52  Stalker  
  81  10:53  Stalker x2  
  81  10:54  Stalker  
  81  10:56  Stalker  
  91  11:05  Carrier x2  
Show
View Real Time Build Order
Export as new Build Order

Jaae Zerg 

Build Orders: Pool First 

Get SALT Encoding   

  12  0:01  Drone  
  13  0:26  Spawning Pool  
  13  0:28  Drone  
  13  0:36  Overlord  
  13  0:48  Drone  
  14  0:52  Extractor  
  13  1:20  Zergling x4  
  13  1:21  Hatchery  
  14  1:42  Drone x3  
  17  1:49  Queen  
  19  2:06  Drone  
  20  2:09  Drone  
  21  2:16  Drone  
  22  2:28  Extractor  
  21  2:31  Drone  
  22  2:38  Drone  
  22  2:39  Baneling Nest  
  22  2:52  Drone x2  
  24  3:05  Drone  
  25  3:06  Queen  
  25  3:08  Overlord x2  
  25  3:10  Drone  
  28  3:20  Overlord  
  28  3:28  Drone x2  
  30  3:38  Lair  
  30  3:45  Drone  
  30  3:47  Roach Warren  
  30  3:49  Drone  
  30  3:55  Drone x2  
  33  4:01  Metabolic Boost  
  33  4:06  Drone  
  34  4:15  Evolution Chamber  
  34  4:16  Drone  
  34  4:20  Drone  
  34  4:22  Drone x2  
  37  4:25  Queen  
  37  4:26  Drone  
  37  4:30  Extractor, Drone  
  40  4:33  Drone  
  41  4:39  Roach  
  41  4:41  Roach  
  41  4:44  Glial Reconstitution  
  45  4:49  Zerg Missile Weapons Level 1  
  45  4:52  Drone  
  46  4:55  Drone  
  47  5:00  Drone  
  48  5:07  Drone  
  48  5:13  Overseer  
  48  5:14  Overseer x2  
  49  5:38  Drone  
  49  5:40  Infestation Pit  
  49  5:42  Roach  
  51  5:43  Overlord x3  
  51  6:16  Roach x3  
  51  6:17  Roach x5  
  67  6:24  Extractor  
  67  6:25  Roach x3  
  72  6:40  Spire  
  72  6:43  Zerg Ground Armor Level 1  
  71  7:01  Overlord, Roach x2  
  75  7:02  Overlord x2  
  74  7:24  Roach x4  
  74  7:25  Roach  
  84  7:41  Hive  
  84  7:43  Roach x3  
  90  7:52  Drone  
  91  8:26  Roach x6  
  84  8:34  Hatchery  
  73  8:40  Drone  
  74  8:43  Roach  
  76  8:59  Drone  
  76  9:00  Drone  
  78  9:13  Zerg Missile Weapons Level 2  
  78  9:15  Adrenal Glands  
  78  9:19  Centrifical Hooks  
  78  9:21  Zergling x6  
  78  9:22  Zergling x8  
  65  9:50  Roach x6  
  65  9:51  Roach x3  
  83  10:05  Roach x3  
  89  10:10  Baneling x5  
  89  10:11  Baneling x4  
  89  10:13  Drone  
  90  10:16  Drone  
  90  10:19  Overlord x3  
  91  10:21  Queen  
  93  10:32  Drone x2  
  93  10:35  Overseer  
  95  10:39  Drone  
  95  10:42  Roach x5  
  106  10:57  Queen  
  108  11:05  Drone  
  109  11:13  Nydus Network  
  101  11:28  Roach  
  101  11:29  Roach x8  
  101  11:30  Roach  
  99  11:36  Roach x4  
  101  11:44  Roach  
  83  11:59  Roach x2  
  83  12:00  Roach x3  
  87  12:06  Roach x2  
  89  12:13  Roach x2  
  79  12:19  Roach  
Tags
 
Add a new tag
Caveats
  • Supply blocks, unpowered buildings, or Contaminate may cause inaccurate times.
  • Supply counts are checked every 10 seconds.